 Dungeon Crawl Stone Soup version 0.23-a0-270-gab6feb3dfb (webtiles) character file.

95 MirrMurr the Poker (level 4, 0/31 HPs)
             Began as an Octopode Berserker on Oct 1, 2018.
             Was a Believer of Trog.
             Slain by Robin
             ... wielding a +0 spear
              (9 damage)
             ... on level 2 of the Dungeon.
             The game lasted 00:03:42 (1686 turns).

MirrMurr the Poker (Octopode Berserker)             Turns: 1686, Time: 00:03:43

Health: 0/31       AC:  1    Str: 16    XL:     4   Next: 66%
Magic:  4/4        EV: 13    Int:  9    God:    Trog [**....]
Gold:   67         SH:  3    Dex: 12    Spells: 3/3 levels left

rFire    . . .     SeeInvis .   a - +0 spear
rCold    . . .     Gourm    .   m - +0 buckler (curse)
rNeg     . . .     Faith    .   (helmet restricted)
rPois    .         Spirit   .   (no amulet)
rElec    .         Reflect  .   (no ring)
rCorr    .         Harm     .   (no ring)
MR       .....                  (no ring)
Stlth    +++.......             (no ring)
HPRegen  0.10/turn              (no ring)
MPRegen  0.09/turn              (no ring)
                                (no ring)
                                (no ring)

@: no status effects
A: almost no armour, stealthy swim, amphibious, 8 rings, constrict 8, camouflage
1, gelatinous body 1
a: Berserk, Trog's Hand, Renounce Religion


You were on level 2 of the Dungeon.
You worshipped Trog.
Trog was pleased with you.
You were hungry.

You visited 1 branch of the dungeon, and saw 2 of its levels.

You collected 67 gold pieces.

Inventory:

Hand Weapons
 a - a +0 spear (weapon)
 r - a +1 dagger of venom
 w - a +1 dagger of electrocution
Missiles
 e - 83 stones (quivered)
 i - 7 sling bullets
 k - 11 poisoned needles
 o - 16 bolts
Armour
 m - a cursed +0 buckler (worn)
Wands
 l - a wand of digging (11)
Scrolls
 c - a scroll of blinking {unknown}
 d - 2 scrolls of teleportation {unknown}
 f - a scroll of enchant armour {unknown}
 h - 2 scrolls of amnesia {unknown}
 n - a scroll of remove curse {unknown}
 q - a scroll of identify {unknown}
Potions
 g - a potion of mutation {unknown}
 p - a potion of haste {unknown}
Comestibles
 b - 6 rations
 j - 5 chunks of flesh


   Skills:
 + Level 3.4 Fighting
 * Level 4.0 Polearms
 + Level 3.5 Dodging
 + Level 2.5 Stealth
 + Level 0.3 Shields


You had 3 spell levels left.
You didn't know any spells.
Your spell library was empty.

Dungeon Overview and Level Annotations

Branches:
Dungeon (2/15)

Altars:

Annotations:
D:2 Robin


Innate Abilities, Weirdness & Mutations

You cannot wear most types of armour.
You are very stealthy in the water. (Stealth+)
You are amphibious.
You can wear up to eight rings at the same time.
You can use your tentacles to constrict eight enemies at once.
Your skin changes colour to match your surroundings (Stealth+).
Your rubbery body absorbs attacks. (AC +1, EV +1)


Message History

Aim: Robin, wielding a spear, wearing an animal skin and wearing a helmet You reach to attack!
You hit Robin.
Robin is lightly wounded.
Robin hits you from afar with a spear.
You are too injured to fight recklessly!
You are too injured to fight recklessly!
You are too injured to fight recklessly!
You are too injured to fight recklessly!
Robin hits you with a spear.
Some of the chunks of flesh in your inventory have rotted away.
Items here: )) †† a club; a dagger; a hobgoblin corpse; a goblin corpse You closely miss Robin.
You grab Robin.
Robin is lightly wounded.
You constrict Robin. Robin hits you with a spear.
* * * LOW HITPOINT WARNING * * *
You hit Robin. You squeeze Robin, but do no damage.
Robin is heavily wounded.
You constrict Robin. Robin hits you with a spear!
You die...

..#.........# #####
#.#.####.##.# #...
#.#.###....>######.#######
#...............÷.).......
###.###....<####.#.#######
#.# ##.#.## #.#...
###.####.#.# #.#####
.........#.# #)#
....######.# #@# ##..#
##.## #g#
#..#####...####.###
#.................#
#..#####...####.#.# #...#
##.#####.#.# ##.#.#
#.......#.# ...#.#
#########.#
####.#############.#


You could see Robin.

Vanquished Creatures
  A gnoll (D:1)
  An adder (D:2)
  2 oozes (D:2)
  2 worms (D:2)
  3 dart slugs (D:1)
  2 leopard geckos (D:2)
  3 bats (D:1)
  2 giant cockroaches (D:2)
  10 goblins
  6 hobgoblins
  2 quokkas (D:2)
  5 frilled lizards
  8 kobolds
  6 rats
53 creatures vanquished.

Notes
Turn   | Place    | Note
-------+----------+-------------------------------------------
     0 | D:1      | MirrMurr the Octopode Berserker began the quest for the
                  | Orb.
     0 | D:1      | Reached XP level 1. HP: 16/16 MP: 1/1
    45 | D:1      | Reached XP level 2. HP: 19/21 MP: 2/2
    56 | D:1      | Reached skill level 1 in Stealth
   276 | D:1      | Reached XP level 3. HP: 21/26 MP: 3/3
   722 | D:1      | Reached ** piety under Trog
  1156 | D:2      | Reached XP level 4. HP: 31/31 MP: 4/4
  1463 | D:2      | Reached skill level 4 in Polearms
  1675 | D:2      | Noticed Robin
  1686 | D:2      | Slain by Robin

Vault maps used:
D:1:      dpeg_arrival_radiant, serial_bayou_ford_a
D:2:      uniq_robin

Skill      XL: |  1  2  3  4 |
---------------+-------------+-----
Stealth        | 1 2 |  2.5
Polearms       | 4 |  4.0
Fighting       | |  3.4
Dodging        | |  3.5
Shields        | |  0.3

Action                   |  1- 3 |  4- 6 || total
-------------------------+-------+-------++-------
Melee: Spear             |    86 |    44 ||   130
       Constrict         |    16 |     9 ||    25
       Tentacles         |     9 |     7 ||    16
 Stab: Sleeping          |     9 |     4 ||    13
  Eat: Chunk             |     1 |     1 ||     2
Armor: Skin              |     2 |     1 ||     3
Dodge: Dodged            |    30 |     8 ||    38
Block: Buckler           |       |     1 ||     1

Table legend:
 A = Non-vault XP
 B = Vault XP
 C = Vault XP percentage of total XP
 D = Non-vault monster count
 E = Vault monster count
 F = Vault count percentage of total count
                 A         B        C        D         E       F
            +---------+---------+-------+---------+---------+-------
      Total |     121 |      16 |  11.7 |      45 |       8 |  15.1
            +---------+---------+-------+---------+---------+-------
        D:1 |      61 |       0 |   0.0 |      28 |       0 |   0.0
        D:2 |      60 |      16 |  21.1 |      17 |       8 |  32.0
            +---------+---------+-------+---------+---------+-------
